Map: Tourmaline LE

Players

Rabbit

  • Race: Zerg Zerg
  • League: Silver
  • Spawn Location: 1:00

SCIInewby - Winner!

  • Race: Protoss Protoss
  • League: Master
  • Spawn Location: 7:00

VOD

Have the link to the VOD?

Description

Time

  • Played on: Feb. 10, 2026, 12:25 p.m.
  • Length: 16:08
Show
View Real Time Build Order
Export as new Build Order

Rabbit Zerg 

Build Orders: Hatch First 

Get SALT Encoding   

  12  0:00  Drone  
  13  0:14  Overlord  
  13  0:16  Drone  
  14  0:41  Hatchery  
  13  0:45  Drone  
  13  0:47  Drone  
  15  0:50  Drone  
  16  1:09  Extractor  
  16  1:11  Drone  
  16  1:15  Spawning Pool  
  15  1:20  Drone  
  15  1:22  Drone  
  17  1:37  Drone  
  18  1:41  Drone  
  19  1:56  Overlord  
  19  2:22  Metabolic Boost  
  19  2:23  Roach Warren, Queen  
  19  2:24  Queen  
  22  2:30  Drone x2  
  22  2:32  Drone  
  25  2:39  Overlord  
  25  3:08  Roach x5  
  35  3:16  Roach  
  37  3:26  Overlord  
  37  3:38  Zergling x10  
  42  3:43  Spine Crawler  
  42  3:47  Zergling x2  
  42  3:48  Zergling x4  
  44  4:00  Lair  
  44  4:04  Overlord  
  36  4:54  Roach  
  36  4:55  Roach x5  
  48  6:05  Roach x6  
  48  6:10  Overlord x3  
  60  6:27  Queen  
  62  6:34  Roach  
  62  6:35  Roach x3  
  68  6:50  Spore Crawler  
  67  6:55  Spore Crawler  
  67  6:56  Spore Crawler  
  67  6:57  Drone x4, Spore Crawler  
  68  7:03  Extractor  
  68  7:04  Drone x2  
  68  7:05  Drone  
  70  7:09  Queen  
  72  7:28  Ravager x2  
  72  7:52  Spire  
  29  9:07  Hatchery  
  26  9:36  Mutalisk x5  
  36  9:45  Queen  
  38  10:01  Drone x5  
  38  10:02  Drone x20  
  63  10:18  Mutalisk  
  52  10:57  Mutalisk x4  
  60  11:09  Extractor  
  60  11:11  Extractor  
  58  11:13  Drone x3  
  61  11:22  Extractor  
  61  11:24  Extractor  
  61  11:25  Zerg Flyer Weapons Level 1  
  59  11:33  Spore Crawler x2  
  57  11:41  Overlord x3, Spore Crawler  
  57  11:42  Overlord x4  
  57  11:45  Queen  
  57  11:46  Queen  
  60  11:49  Drone x3  
  63  12:00  Mutalisk x3  
  69  12:10  Queen  
  71  12:20  Evolution Chamber  
  71  12:21  Queen, Evolution Chamber  
  71  12:33  Mutalisk x3  
  71  12:34  Mutalisk  
  79  12:40  Drone  
  79  12:41  Drone x2  
  82  12:59  Mutalisk  
  82  13:00  Mutalisk x3  
  66  13:42  Mutalisk  
  66  13:43  Mutalisk x7  
  65  13:58  Mutalisk x2  
  68  14:06  Zergling x2  
  68  14:07  Zergling x20  
  65  15:02  Mutalisk x5  
  65  15:03  Mutalisk x2  
  74  15:29  Drone x3  
  77  15:40  Mutalisk  
  77  15:41  Mutalisk x3  
Show
View Real Time Build Order
Export as new Build Order

SCIInewby Protoss - Winner!

Build Orders: Carriers 

Get SALT Encoding   

  12  0:02  Probe  
  13  0:15  Probe  
  14  0:22  Pylon  
  14  0:27  Probe  
  15  0:44  Probe  
  15  0:49  Forge  
  16  0:54  Pylon  
  16  0:56  Probe  
  17  1:04  Probe  
  18  1:12  Probe  
  18  1:13  Assimilator  
  19  1:22  Gateway  
  19  1:30  Photon Cannon  
  19  1:33  Probe  
  20  1:50  Probe  
  21  2:06  Nexus  
  21  2:14  Zealot  
  22  2:24  Cybernetics Core  
  22  2:26  Probe  
  23  2:32  Assimilator  
  23  2:44  Gateway  
  23  2:56  Probe  
  24  3:00  Assimilator  
  24  3:05  Probe  
  25  3:14  Probe  
  25  3:16  Probe  
  25  3:18  Twilight Council  
  27  3:22  Probe  
  27  3:24  Probe  
  28  3:30  Probe, Warp Gate  
  28  3:32  Probe  
  31  3:41  Pylon  
  31  3:44  Stalker, Pylon  
  33  4:02  Stargate x2  
  33  4:08  Probe  
  35  4:10  Probe  
  35  4:16  Probe  
  37  4:22  Probe  
  33  4:51  Pylon  
  28  4:57  Pylon x2  
  28  5:05  Pylon  
  28  5:12  Photon Cannon  
  28  5:15  Photon Cannon  
  28  5:17  Photon Cannon  
  28  5:21  Pylon  
  28  5:25  Shield Battery  
  28  5:32  Pylon  
  28  5:40  Pylon  
  32  5:59  Void Ray  
  32  6:01  Pylon  
  32  6:07  Pylon  
  32  6:18  Photon Cannon  
  32  6:31  Void Ray  
  30  6:34  Forge  
  32  6:57  Probe  
  32  6:58  Probe  
  38  7:01  Void Ray  
  38  7:06  Probe x2  
  38  7:11  Photon Cannon  
  38  7:15  Probe  
  41  7:25  Probe  
  43  7:33  Probe  
  43  7:41  Probe  
  43  7:42  Pylon  
  43  7:43  Pylon  
  44  7:52  Probe  
  45  8:02  Probe  
  46  8:10  Probe  
  45  8:19  Probe  
  48  8:30  Void Ray  
  48  8:31  Probe  
  47  8:35  Photon Cannon  
  47  8:37  Photon Cannon  
  47  8:40  Probe  
  48  8:48  Probe  
  53  8:57  Probe  
  53  8:58  Void Ray  
  54  9:09  Probe  
  51  9:21  Probe  
  56  9:33  Probe  
  56  9:36  Fleet Beacon, Void Ray  
  56  9:38  Assimilator  
  58  9:42  Probe  
  58  9:50  Probe  
  58  9:59  Probe  
  59  10:01  Pylon  
  60  10:09  Probe  
  61  10:17  Probe  
  62  10:26  Probe  
  59  10:38  Probe  
  56  10:50  Probe  
  56  10:53  Carrier x2  
  61  11:08  Probe  
  62  11:14  Gateway  
  62  11:19  Pylon  
  62  11:20  Probe  
  63  11:32  Probe  
  64  11:40  Gateway  
  64  11:46  Gateway  
  64  11:48  Carrier x2  
  76  12:05  Gateway  
  76  12:06  Gateway  
  76  12:08  Gateway  
  76  12:15  Zealot  
  78  12:28  Cybernetics Core  
  86  12:45  Mothership  
  86  12:55  Pylon  
  86  12:57  Pylon  
  86  12:59  Pylon  
  86  13:05  Carrier  
  92  13:18  Pylon  
  92  13:21  Twilight Council  
  76  13:51  Carrier  
  76  13:59  Carrier  
  88  14:14  Nexus  
  76  14:42  Zealot  
  76  14:44  Zealot  
  76  14:45  Zealot x2  
  82  14:54  Zealot  
  71  15:03  Zealot  
Tags
 
Composition
Carriers
Matchup
PvZ
Replay Pack
Multiplayer
Spawn Locations
Cross Positions
Add a new tag
Caveats
  • Supply blocks, unpowered buildings, or Contaminate may cause inaccurate times.
  • Supply counts are checked every 10 seconds.